Map: 锈化山巅-天梯版

Players

TIME (Oliveira)

  • Race: Terran Terran

Cyan - Winner!

  • Race: Protoss Protoss
  • League: Master

Event: DreamHack SC2 Masters 2020 Winter

VOD

Have the link to the VOD?

Description

Time

  • Played on: Oct. 30, 2020, 8:11 a.m.
  • Length: 19:30

All games in this series

Show
View Real Time Build Order
Export as new Build Order

TIME Terran 

Build Orders:  

Get SALT Encoding   

  12  0:00  SCV  
  13  0:12  SCV  
  14  0:17  Supply Depot  
  14  0:24  SCV  
  15  0:38  SCV  
  15  0:40  Barracks  
  16  0:44  Refinery  
  16  0:50  SCV  
  17  1:03  SCV  
  18  1:15  SCV  
  19  1:26  Marine  
  19  1:27  Orbital Command  
  20  1:42  Command Center  
  20  1:52  Factory  
  20  1:55  SCV  
  21  2:05  Barracks Reactor  
  21  2:08  SCV  
  22  2:11  Supply Depot  
  22  2:20  SCV  
  23  2:33  SCV  
  23  2:36  Hellion  
  26  2:41  Marine x2, Starport  
  28  2:45  SCV  
  29  2:55  Orbital Command  
  29  2:58  SCV  
  30  2:59  Hellion  
  30  3:00  Refinery, Marine  
  30  3:03  Marine  
  34  3:10  SCV  
  35  3:18  Marine  
  35  3:19  Medivac  
  38  3:21  Marine  
  38  3:22  Hellion  
  38  3:24  Supply Depot  
  41  3:27  SCV  
  41  3:29  SCV  
  43  3:36  Marine  
  43  3:39  SCV  
  45  3:41  SCV  
  45  3:44  Supply Depot  
  45  3:45  Factory Tech Lab  
  46  3:49  Viking  
  46  3:53  SCV  
  49  3:58  Marine  
  49  3:59  Bunker  
  49  4:01  Marine  
  48  4:04  Siege Tank  
  48  4:07  SCV  
  49  4:10  SCV  
  49  4:16  Marine  
  48  4:19  SCV, Marine  
  48  4:22  SCV  
  49  4:31  SCV  
  49  4:34  SCV, Marine  
  49  4:37  Marine  
  51  4:43  SCV  
  52  4:46  Command Center  
  52  4:47  SCV  
  52  4:49  Factory Tech Lab  
  52  4:52  Raven  
  55  4:56  Marine x2  
  55  4:57  Supply Depot  
  56  5:03  SCV  
  53  5:11  SCV  
  53  5:14  Marine x2  
  53  5:15  SCV  
  53  5:18  Siege Tank  
  57  5:23  SCV  
  57  5:26  Barracks  
  57  5:27  Barracks  
  58  5:28  SCV  
  58  5:31  Engineering Bay  
  58  5:33  Marine x2  
  61  5:37  SCV  
  61  5:42  SCV, Refinery x2  
  63  5:49  SCV  
  64  5:51  Marine x2  
  64  5:52  Siege Tank  
  64  5:54  SCV  
  70  5:58  Terran Infantry Weapons Level 1  
  70  5:59  Orbital Command  
  70  6:01  SCV  
  71  6:06  SCV  
  72  6:14  SCV  
  66  6:19  Marine  
  66  6:20  SCV  
  65  6:26  SCV  
  65  6:27  SCV  
  65  6:30  Barracks  
  65  6:32  SCV, Stimpack, Barracks  
  68  6:33  Supply Depot  
  68  6:34  Combat Shield, Marauder  
  68  6:36  Starport Reactor, Factory Tech Lab  
  68  6:38  SCV  
  68  6:39  Marine x2  
  73  6:44  Supply Depot  
  73  6:46  Marauder  
  76  6:47  SCV  
  76  6:51  SCV  
  77  6:55  Siege Tank  
  77  6:57  Marauder  
  81  7:01  SCV x2  
  81  7:05  Supply Depot, Marine x2  
  81  7:07  SCV  
  86  7:13  Marauder, Missile Turret, Medivac x2  
  86  7:14  SCV, Missile Turret  
  93  7:19  Barracks Reactor, Orbital Command  
  93  7:21  Barracks Tech Lab  
  93  7:23  Supply Depot  
  93  7:27  Marauder, Siege Tank  
  98  7:32  SCV x2  
  98  7:34  Marauder  
  98  7:36  Marine  
  101  7:45  SCV x3, Marine  
  101  7:48  Supply Depot  
  101  7:49  Marauder  
  109  7:55  Supply Depot  
  109  7:57  Supply Depot  
  109  8:01  Marine x2  
  109  8:03  Supply Depot  
  109  8:04  Supply Depot  
  109  8:08  SCV, Terran Infantry Armor Level 1  
  109  8:09  Marine  
  109  8:10  SCV x2, Siege Tank  
  113  8:15  Marauder  
  113  8:16  Ghost Academy  
  113  8:17  Marauder  
  113  8:19  Marine  
  118  8:20  SCV  
  118  8:22  SCV x2  
  121  8:27  Marine x2  
  121  8:28  Supply Depot  
  121  8:30  Supply Depot  
  121  8:32  SCV, Marauder  
  121  8:33  Refinery  
  127  8:34  Refinery  
  127  8:37  SCV x2  
  129  8:41  Marauder  
  129  8:42  Marauder  
  129  8:43  Siege Tank  
  135  8:50  Command Center  
  135  8:53  Ghost  
  137  9:02  Bunker, Ghost x2, Marine  
  138  9:04  Supply Depot  
  138  9:05  Marine x2  
  138  9:09  Concussive Shells  
  143  9:10  SCV x2  
  143  9:13  Viking  
  143  9:14  Medivac  
  149  9:19  Supply Depot, Siege Tank  
  151  9:25  Armory, Marine x2  
  151  9:26  Engineering Bay  
  151  9:27  Marauder  
  155  9:31  Supply Depot  
  155  9:32  Supply Depot  
  155  9:33  Marine  
  155  9:37  Sensor Tower  
  156  9:39  Marauder  
  156  9:41  Marauder  
  156  9:42  Marine  
  156  9:43  Marine  
  156  9:44  SCV  
  156  9:45  SCV  
  164  9:47  Viking  
  164  9:51  Viking  
  168  9:54  Siege Tank  
  168  9:55  SCV  
  168  9:57  Marine  
  173  10:01  Marauder  
  173  10:02  Marauder  
  173  10:05  Marine x2  
  179  10:11  Terran Infantry Weapons Level 2  
  178  10:18  Terran Infantry Armor Level 2  
  177  10:21  Marine x2  
  177  10:22  Marauder  
  177  10:27  Planetary Fortress, Missile Turret  
  180  10:42  Enhanced Shockwaves  
  180  10:43  Ghost  
  180  10:45  Barracks x2  
  180  10:46  Barracks  
  182  10:51  Marine  
  182  10:52  Marauder, Marine  
  184  10:59  Marauder, Marine x2  
  184  11:01  SCV  
  184  11:02  SCV  
  189  11:09  Marine x2  
  185  11:12  Marauder  
  185  11:13  Marine  
  171  11:25  Marine x2  
  153  11:26  Marauder  
  153  11:27  Marine, Siege Tank  
  153  11:28  Medivac  
  153  11:30  Marine  
  153  11:31  Marine  
  163  11:33  SCV x2, Ghost  
  163  11:35  Command Center  
  163  11:36  Missile Turret  
  163  11:37  Barracks Reactor, Barracks Tech Lab x2  
  167  11:40  Medivac  
  167  11:44  Drilling Claws  
  167  11:46  Terran Ship Weapons Level 1, Marine x2  
  171  11:50  Ghost  
  171  11:51  Marauder, Marine  
  171  11:53  SCV x2  
  178  11:57  Marine  
  178  12:00  Sensor Tower  
  173  12:09  Ghost  
  173  12:11  SCV  
  173  12:14  Marine x2  
  173  12:15  Marauder, Siege Tank  
  183  12:17  Medivac, Refinery x2  
  183  12:20  Missile Turret  
  180  12:31  Marine  
  180  12:34  Medivac  
  178  12:43  Ghost  
  175  12:45  Supply Depot  
  175  12:46  Marine  
  175  12:47  Medivac  
  175  12:48  SCV  
  175  12:51  Marauder, Marine x2  
  181  12:55  Marauder x2  
  181  12:57  Terran Infantry Weapons Level 3  
  188  13:01  Refinery  
  188  13:05  Marine, Siege Tank  
  191  13:08  Missile Turret  
  192  13:13  Medivac, Marauder, Marine  
  192  13:14  Marauder, Marine  
  200  13:35  Refinery  
  200  13:36  Missile Turret x2, Sensor Tower  
  200  13:38  Refinery  
  200  13:46  Barracks Reactor  
  200  13:47  Barracks Tech Lab  
  200  13:50  Fusion Core  
  200  13:51  Terran Ship Weapons Level 2, Starport  
  200  13:52  Personal Cloaking  
  200  13:56  Planetary Fortress  
  200  14:07  Terran Infantry Armor Level 3  
  200  14:09  Command Center  
  197  14:28  Marine x2  
  197  14:30  Marine  
  197  14:34  Starport Reactor, Siege Tank  
  188  14:39  Marine x2  
  188  14:40  Medivac x2, Marauder  
  188  14:45  Missile Turret  
  185  14:47  Ghost  
  185  14:49  Marauder  
  185  14:50  Marine  
  185  14:51  Marauder, Marine  
  189  14:53  Advanced Ballistics  
  189  14:57  Marine  
  189  14:58  Marauder  
  186  15:08  Marine  
  186  15:09  Marauder, Marine  
  186  15:11  Marauder, Marine x2  
  194  15:14  Marine  
  194  15:20  Marine  
  194  15:21  Marauder x2  
  200  15:23  Orbital Command  
  200  15:27  Command Center  
  200  15:31  Marine  
  191  15:37  Marine x2  
  191  15:38  Marauder  
  164  15:47  Marauder, Marine x3  
  164  15:49  Marauder, Marine  
  163  15:50  SCV  
  147  15:58  Marine  
  147  15:59  Marauder, Marine, Liberator x2  
  147  16:02  Liberator  
  156  16:05  Siege Tank  
  156  16:10  SCV x2  
  161  16:12  Marauder  
  161  16:13  Marauder, Marine x2  
  167  16:19  Marine x2  
  167  16:23  Missile Turret  
  167  16:24  Liberator  
  172  16:34  Marauder, Marine x2  
  172  16:38  SCV  
  177  16:45  Missile Turret  
  177  16:51  Liberator  
  179  16:56  Marine x2  
  179  16:57  Marauder  
  179  17:01  Liberator  
  182  17:06  Marauder, Marine x2  
  182  17:07  Marauder  
  191  17:08  Liberator  
  191  17:09  Siege Tank  
  191  17:13  Marine  
  191  17:14  Marauder  
  200  17:22  Marine x2  
  200  17:23  Marauder  
  199  17:34  Liberator  
  199  17:35  Marine  
  199  17:36  Marauder, Marine x2  
  199  17:37  Marauder  
  187  17:39  SCV  
  187  17:42  Orbital Command, Liberator  
  187  17:43  Marine x2  
  187  17:44  Marauder  
  181  17:45  SCV  
  176  17:58  Marine x2  
  157  17:59  SCV, Marauder  
  157  18:03  Siege Tank, Liberator  
  146  18:07  SCV x2  
  146  18:09  Missile Turret  
  146  18:12  Marine x2  
  136  18:13  Marauder  
  136  18:14  SCV  
  136  18:15  Marauder, Marine x3  
  136  18:17  SCV  
  136  18:19  SCV  
  145  18:20  SCV  
  145  18:26  SCV, Ghost  
  136  18:36  Hellion  
  136  18:39  Marine x2  
  102  18:43  Marauder  
  102  18:45  Liberator  
  102  18:47  Marauder  
  103  18:55  Marauder, Marine  
  100  18:58  Marine  
  100  18:59  Marauder  
  100  19:01  Marauder  
Show
View Real Time Build Order
Export as new Build Order

Cyan Protoss - Winner!

Build Orders: 1 Gate Expand, Blink Stalkers 

Get SALT Encoding   

  12  0:00  Probe  
  13  0:12  Probe  
  14  0:17  Pylon  
  14  0:24  Probe (Chrono Boost)  
  15  0:36  Probe (Chrono Boost), Gateway  
  16  0:44  Probe (Chrono Boost)  
  16  0:45  Assimilator  
  17  0:51  Probe  
  18  1:03  Probe  
  19  1:15  Probe  
  20  1:23  Cybernetics Core  
  20  1:31  Nexus  
  20  1:34  Probe  
  21  1:41  Pylon  
  21  1:47  Probe  
  22  1:49  Assimilator  
  22  1:56  Adept (Chrono Boost)  
  22  1:58  Warp Gate (Chrono Boost)  
  22  1:59  Probe  
  25  2:11  Probe  
  26  2:17  Adept (Chrono Boost)  
  28  2:23  Probe  
  29  2:35  Probe, Gateway  
  30  2:37  Gateway  
  30  2:42  Adept  
  32  2:45  Probe  
  32  2:48  Probe  
  34  2:57  Probe  
  35  3:00  Probe, Pylon  
  36  3:08  Twilight Council  
  36  3:09  Probe  
  37  3:16  Probe (Chrono Boost)  
  38  3:21  Probe (Chrono Boost)  
  40  3:31  Probe x2 (Chrono Boost)  
  41  3:35  Pylon  
  41  3:38  Probe  
  41  3:39  Stalker  
  41  3:40  Stalker  
  46  3:41  Stalker  
  46  3:42  Blink (Chrono Boost)  
  46  3:45  Probe  
  49  3:53  Shield Battery  
  49  3:58  Probe  
  50  4:04  Stalker x2  
  48  4:13  Stalker  
  48  4:14  Probe  
  51  4:17  Probe  
  51  4:20  Robotics Facility  
  51  4:21  Pylon  
  51  4:22  Assimilator  
  52  4:27  Probe  
  53  4:36  Probe, Adept x3  
  58  4:39  Probe  
  58  4:40  Assimilator  
  58  4:44  Pylon  
  59  4:48  Probe, Pylon  
  60  4:55  Probe  
  57  5:04  Probe  
  58  5:08  Stalker  
  58  5:09  Stalker x2  
  58  5:13  Warp Prism (Chrono Boost)  
  61  5:25  Nexus  
  60  5:32  Stalker x2  
  64  5:37  Stalker  
  64  5:41  Observer (Chrono Boost)  
  67  5:44  Robotics Bay  
  67  5:46  Probe x2  
  67  5:49  Pylon  
  69  5:53  Observer  
  70  6:00  Zealot x2  
  70  6:01  Zealot  
  70  6:03  Probe x2  
  78  6:08  Forge  
  78  6:10  Charge  
  78  6:12  Observer  
  78  6:18  Observer  
  64  6:25  Probe x2, Stalker  
  66  6:26  Stalker x2  
  66  6:30  Observer  
  66  6:32  Colossus (Chrono Boost)  
  72  6:37  Probe  
  72  6:38  Extended Thermal Lance  
  72  6:39  Probe  
  80  6:41  Probe  
  80  6:42  Protoss Ground Weapons Level 1 (Chrono Boost)  
  81  6:49  Probe  
  81  6:51  Probe  
  83  6:55  Probe  
  84  7:01  Probe  
  84  7:03  Probe  
  84  7:04  Gateway  
  84  7:06  Gateway  
  86  7:08  Gateway  
  86  7:14  Gateway  
  86  7:17  Gateway  
  86  7:18  Colossus (Chrono Boost)  
  86  7:21  Pylon  
  92  7:25  Shield Battery  
  92  7:26  Sentry x2  
  92  7:27  Probe  
  92  7:29  Probe  
  98  7:37  Zealot  
  98  7:40  Probe  
  98  7:41  Shield Battery  
  98  7:42  Pylon  
  101  7:46  Probe  
  102  7:56  Probe, Pylon  
  102  7:57  Probe, Templar Archives, Assimilator  
  104  7:58  Pylon  
  104  8:01  Warp Prism (Chrono Boost), Assimilator  
  106  8:13  Zealot x3  
  106  8:14  Zealot x4  
  106  8:15  Pylon  
  106  8:18  Zealot  
  122  8:21  Gravitic Drive  
  122  8:31  Pylon  
  122  8:34  Disruptor  
  122  8:38  Robotics Facility  
  122  8:41  Pylon, High Templar x2  
  125  8:45  Archon  
  125  8:46  Zealot x5  
  139  8:48  Protoss Ground Weapons Level 2 (Chrono Boost)  
  139  8:52  Pylon  
  139  8:58  Forge  
  139  9:03  Zealot  
  139  9:07  Nexus  
  141  9:10  Zealot  
  141  9:13  Disruptor (Chrono Boost)  
  141  9:16  Zealot  
  148  9:18  Zealot  
  148  9:20  Zealot  
  148  9:22  High Templar x2  
  156  9:27  Pylon x2  
  156  9:31  Archon  
  156  9:41  Disruptor (Chrono Boost)  
  159  9:45  Disruptor (Chrono Boost)  
  159  9:47  Probe x3  
  159  9:48  Protoss Ground Armor Level 1 (Chrono Boost)  
  159  9:50  Shield Battery  
  165  10:03  Probe x3  
  165  10:05  Shield Battery  
  165  10:06  Disruptor (Chrono Boost)  
  168  10:07  Photon Cannon  
  168  10:11  Disruptor (Chrono Boost)  
  169  10:18  Gateway  
  169  10:19  Gateway  
  172  10:25  Stalker  
  172  10:26  Stalker  
  174  10:29  Pylon  
  174  10:31  Zealot x2  
  174  10:34  Pylon  
  174  10:35  Disruptor, Zealot, High Templar x2  
  182  10:36  Zealot  
  182  10:40  Archon  
  189  10:49  Dark Shrine  
  187  10:53  Warp Prism  
  173  11:00  Probe x2  
  173  11:02  Assimilator  
  171  11:05  Assimilator  
  159  11:22  Disruptor  
  134  11:29  Nexus, Disruptor  
  134  11:30  Stalker x5, Pylon  
  134  11:31  Stalker x3  
  149  11:37  Probe x2  
  149  11:39  Protoss Ground Weapons Level 3 (Chrono Boost)  
  151  11:41  Photon Cannon  
  151  11:42  Shield Battery  
  151  11:49  Zealot x2  
  155  11:55  Zealot x2  
  155  11:58  Disruptor (Chrono Boost)  
  162  12:01  Dark Templar  
  162  12:02  Dark Templar  
  154  12:10  Zealot x5  
  160  12:26  Dark Templar x3  
  160  12:28  Colossus (Chrono Boost)  
  155  12:30  Protoss Ground Armor Level 2 (Chrono Boost)  
  155  12:32  Zealot  
  155  12:33  Zealot  
  155  12:34  Shadow Stride (Chrono Boost)  
  161  12:39  Probe x3  
  156  12:44  Photon Cannon  
  156  12:45  Shield Battery  
  156  12:51  Colossus (Chrono Boost)  
  154  12:59  Zealot  
  156  13:06  Warp Prism (Chrono Boost)  
  156  13:08  Sentry x2, High Templar x2  
  166  13:14  Archon  
  166  13:15  Zealot x2, Assimilator  
  166  13:18  Assimilator  
  170  13:22  Gateway  
  170  13:23  Gateway  
  170  13:25  Gateway  
  168  13:32  Zealot  
  170  13:37  Dark Templar x4  
  170  13:38  Gateway  
  178  13:46  Dark Templar  
  178  13:47  Dark Templar  
  178  13:48  Zealot x3  
  186  14:00  Nexus  
  186  14:01  Pylon  
  186  14:02  Dark Templar  
  188  14:08  Dark Templar  
  188  14:09  Dark Templar x2  
  194  14:14  Dark Templar x2  
  196  14:19  Dark Templar  
  186  14:33  Protoss Shields Level 1 (Chrono Boost)  
  186  14:34  Probe x3  
  186  14:35  Probe, Pylon  
  186  14:37  Pylon  
  188  14:44  Nexus  
  185  14:47  Pylon, Protoss Ground Armor Level 3 (Chrono Boost)  
  183  14:52  Zealot x2  
  171  15:17  Zealot x2  
  171  15:18  Zealot x6  
  187  15:22  Zealot  
  168  15:45  Zealot x4  
  168  15:49  Zealot x6  
  127  16:00  Probe x3  
  128  16:05  Gravitic Boosters  
  128  16:12  Archon x3  
  128  16:13  High Templar  
  128  16:14  Dark Templar x6  
  128  16:15  High Templar x2  
  128  16:17  High Templar  
  148  16:18  Archon  
  148  16:19  Archon x3  
  148  16:21  Stalker, Archon  
  148  16:23  Stalker  
  148  16:25  Stalker  
  154  16:28  High Templar  
  156  16:33  Archon, Disruptor x2  
  160  16:56  Dark Templar x5  
  160  16:57  Dark Templar  
  160  17:00  Pylon  
  172  17:08  Pylon, Dark Templar x2  
  170  17:09  Immortal x2, Dark Templar  
  184  17:16  Pylon  
  184  17:20  Pylon  
  184  17:24  Stalker x5  
  146  17:40  Stalker  
  146  17:41  Stalker x2  
  142  17:48  Disruptor x2  
  142  17:50  Zealot x4  
  139  18:00  Stalker x2  
  139  18:01  Stalker x2  
  143  18:12  Stalker x3  
  143  18:16  Assimilator  
  143  18:19  Assimilator  
  143  18:20  Stalker, Zealot  
  117  19:02  Stalker x4  
Tags
 
Add a new tag
Caveats
  • Supply blocks, unpowered buildings, or Contaminate may cause inaccurate times.
  • Supply counts are checked every 10 seconds.